 Dungeon Crawl Stone Soup version 0.18.1-48-g4cf74bf (webtiles) character file.

128 KingGeedorah the Changer (level 4, -4/35 HPs)
             Began as a Draconian Transmuter on July 22, 2016.
             Killed from afar by Natasha (6 damage)
             ... with a magic dart
             ... on level 1 of the Dungeon.
             The game lasted 00:04:26 (3026 turns).

KingGeedorah the Changer (Draconian Transmuter)     Turns: 3026, Time: 00:04:26

Health: -4/35      AC:  5    Str: 12    XL:     4   Next: 87%
Magic:  0/7        EV: 12    Int: 13    God:
Gold:   145        SH:  0    Dex: 13    Spells: 3 memorised, 1 level left

rFire  . . .     SeeInvis .       - Unarmed
rCold  . . .     Gourm    .     (armour unavailable)
rNeg   . . .     Faith    .     (no shield)
rPois  .         Spirit   .     (helmet restricted)
rElec  .         Dismiss  .     (no cloak)
rCorr  .         Reflect  .     (no gloves)
SustAt .         Harm     .     (no boots)
MR     .....                    (no amulet)
Stlth  +.........               (no ring)
                                (no ring)

@: very slightly contaminated, not resistant to hostile enchantments, very
unstealthy
A: unfitting armour, cold-blooded, AC +5
a: no special abilities


You were on level 1 of the Dungeon.
You were hungry.

You visited 1 branch of the dungeon, and saw 2 of its levels.

You collected 145 gold pieces.

Inventory:

Missiles
 a - 8 arrows
Scrolls
 f - 3 scrolls of remove curse
 i - a scroll of amnesia
Potions
 d - a potion of curing
 g - a potion of heal wounds
 j - 2 potions of agility {unknown}
 m - a potion of beneficial mutation {unknown}
Books
 b - a book of Changes

   Spells                             Type                      Level
   a - Beastly Appendage              Transmutation                1
   b - Sticks to Snakes               Transmutation                2
   c - Spider Form                    Transmutation/Poison         3
   d - Ice Form                       Ice/Transmutation            4
   e - Blade Hands                    Transmutation                5
Comestibles
 c - 2 bread rations
 h - a meat ration
 k - a beef jerky
 l - 2 fruits
 n - 2 chunks of flesh


   Skills:
 - Level 1.1 Fighting
 - Level 1.7 Dodging
 - Level 3.0 Unarmed Combat
 - Level 2.0 Spellcasting
 + Level 5.1 Transmutations


You had one spell level left.
You knew the following spells:

 Your Spells              Type           Power        Failure   Level  Hunger
a - Beastly Appendage     Trmt           ##....       3%          1    ##.....
b - Sticks to Snakes      Trmt           ##......     6%          2    ###....
c - Spider Form           Trmt/Pois      #.........   28%         3    ####...


Dungeon Overview and Level Annotations

Branches:
Dungeon (2/15)

Altars:

Annotations:
D:1 Natasha


Innate Abilities, Weirdness & Mutations

Your plain brown scales are hard (AC +5).
Your body does not fit into most forms of armour.
You are cold-blooded and may be slowed by cold attacks.


Message History

You see here a robe.
Natasha closely misses you.
Natasha mumbles some strange words.
Natasha casts a spell at you. The magic dart hits you!
* * * LOW HITPOINT WARNING * * *
Natasha casts a spell at you. The magic dart hits you!
* * * LOW HITPOINT WARNING * * *
Casting: Spider Form
Confirm with . or Enter, or press ? or * to list all spells.
You create a snake!
You now have 8 arrows.
Natasha mewls in sadness.
Natasha casts a spell.
Unknown command.
Something claws your ball python.
Your ball python dies!
Natasha casts a spell at you. The magic dart hits you!
You die...

#.#............##.......##.#
#.#.##.#######.##.......##.#
#.#.##.# #.............#
#.#.##.# #.##.......####
#.#.##.# #.##.......#
#.#.##.# #.##.......#
..#.##.# #.#####.####
###.##.# ####.#####.######
#.##.# #.....@...h.....#
#.##.# #.##.######5###[#
#.##.# #.##....# #.# #5#
#.##.####.#####.# #5# #.#
#.##......# #.# #5# #.# ###
###.#########
#.###.###.#####.. †...#
#>##............# #####
#.##.##########.. #.##.##
##.


You could see Natasha and a crimson imp.

Vanquished Creatures
  Natasha (D:2)
  Robin (D:2)
  3 adders (D:2)
  An ooze (D:1)
  2 worms (D:2)
  2 dart slugs (D:1)
  2 giant geckos (D:2)
  7 bats
  A giant cockroach (D:1)
  9 goblins
  6 hobgoblins
  2 jackals (D:2)
  8 kobolds
  2 quokkas (D:2)
  2 giant newts
  4 rats
53 creatures vanquished.

Notes
Turn   | Place    | Note
--------------------------------------------------------------
     0 | D:1      | KingGeedorah the Draconian Transmuter began the quest for the Orb.
     0 | D:1      | Reached XP level 1. HP: 16/16 MP: 3/3
   327 | D:1      | Reached XP level 2. HP: 17/23 MP: 5/5
   484 | D:1      | Reached skill level 3 in Transmutations
  1447 | D:2      | Reached XP level 3. HP: 8/28 MP: 6/6
  1699 | D:2      | Learned a level 2 spell: Sticks to Snakes
  1703 | D:2      | Learned a level 3 spell: Spider Form
  1975 | D:2      | Reached skill level 4 in Transmutations
  2093 | D:2      | Noticed Natasha
  2100 | D:2      | Killed Natasha
  2100 | D:2      | Reached XP level 4. HP: 6/35 MP: 3/7
  2372 | D:2      | Noticed Robin
  2384 | D:2      | Killed Robin
  2637 | D:2      | Reached skill level 5 in Transmutations
  2672 | D:2      | Noticed Natasha
  3018 | D:1      | HP: 1/35 [Natasha/magic dart (3)]
  3026 | D:1      | Killed from afar by Natasha

Skill      XL: |  1  2  3  4 |
---------------+-------------+-----
Transmutations | 3 4 5 |  5.1
Fighting       | |  1.1
Dodging        | |  1.7
Unarmed Combat | |  3.0
Spellcasting   | |  2.0

Action                   |  1- 3 |  4- 6 || total
-------------------------+-------+-------++-------
Melee: Unarmed           |   172 |    55 ||   227
       Tailslap          |     8 |     4 ||    12
       Kick              |     1 |       ||     1
       Punch             |     1 |       ||     1
 Cast: Beastly Appendage |     1 |       ||     1
       Spider Form       |     4 |     3 ||     7
       Sticks to Snakes  |       |     4 ||     4
  Use: Scroll            |     5 |     1 ||     6
  Eat: Chunk             |     4 |     4 ||     8
Armor: Skin              |    47 |    15 ||    62
Dodge: Dodged            |   122 |    46 ||   168
